 Dungeon Crawl Stone Soup version 0.28.0-45-g0d030f2227 (webtiles) character file.

Game seed: 6150074262268631039

523 Icepheonix32 the Covered (level 7, -1/81 HPs)
             Began as a Demonspawn Fighter on Apr 10, 2022.
             Slain by a gnoll
             ... wielding a +0 spear
              (2 damage)
             ... on level 4 of the Dungeon.
             The game lasted 00:05:36 (4067 turns).

Icepheonix32 the Covered (Demonspawn Fighter)       Turns: 4067, Time: 00:05:38

Health: -1/81      AC: 30    Str: 18    XL:     7   Next: 2%
Magic:  7/7        EV:  2    Int: 15    God:
Gold:   181        SH:  0    Dex: 13    Spells: 3/6 levels left

rFire   + . .      SeeInvis .   r - +2 dagger (protect)
rCold   . . .      Faith    .   q - orb {light}
rNeg    . . .      Spirit   .   (armour currently unavailable)
rPois   +          Reflect  .   (helmet currently unavailable)
rElec   .          Harm     .   (cloak currently unavailable)
rCorr   .          Rampage  .   (gloves currently unavailable)
Will    .....      NoTele   +   (boots currently unavailable)
Stlth   +.........              (no amulet)
HPRegen 0.23/turn               p - ring of protection from fire
MPRegen 0.10/turn               y - +6 ring of intelligence

@: brilliant, tree-form, weak-willed, under a protective aura, glowing
A: stationary, stasis, torment immunity, boosted hp, powered by death 2
a: no special abilities


You were on level 4 of the Dungeon.
You were a tree.
You visited 1 branch of the dungeon, and saw 4 of its levels.

You collected 181 gold pieces.

Inventory:

Hand Weapons
 a - a +0 long sword of flaming
 j - a +0 dagger of speed
 r - a +2 dagger of protection (weapon)
Missiles
 k - 37 sling bullets
Armour
 b - a +0 scale mail (melded)
 c - a +0 buckler
 d - a +1 helmet (melded)
 m - an orb of mayhem
 q - an orb of light (worn)
 z - a +0 chain mail
Magical Staves
 l - a staff of fire
Jewellery
 p - a ring of protection from fire (left branch)
 w - an amulet of faith
 y - a +6 ring of intelligence (right branch)
Wands
 v - a wand of paralysis (7)
Scrolls
 f - 3 scrolls of fear {unknown}
 g - a scroll of noise
 h - 3 scrolls of identify {unknown}
 i - 4 scrolls of blinking {unknown}
 s - 3 scrolls of teleportation {unknown}
 t - a scroll of brand weapon


   Skills:
 + Level 4.2 Fighting
 - Level 1.2(2.3) Short Blades
 - Level 3.1(3.2) Long Blades
 + Level 4.3 Armour
 + Level 2.1 Dodging
 + Level 0.4 Stealth
 - Level 3.0 Shields
 * Level 2.3 Ice Magic


You had 3 spell levels left.
You knew the following spells:

 Your Spells              Type           Power      Damage    Failure   Level
a - Frozen Ramparts       Ice            20%        1d4       30%         3

Your spell library contained the following spells:

 Spells                   Type           Power      Damage    Failure   Level
 Freeze                   Ice            40%        1d6       11%         1
 Hailstorm                Conj/Ice       5%         3d4       86%         4


Dungeon Overview and Level Annotations

Branches:
Dungeon (4/15)
 Temple: D:4-7

Altars:

Shops:
D:2 [


Innate Abilities, Weirdness & Mutations

You are a tree.
Your roots penetrate the ground, keeping you stationary.
You cannot be teleported.
You are immune to unholy pain and torment.
Your maximum health is greatly increased.
Your equipment is partially melded.
You regenerate health from kills.


Message History

The gnoll shaman hits you with a +0 whip.
* * * LOW HITPOINT WARNING * * *
The gnoll hits you from afar with a +0 spear.
* * * LOW HITPOINT WARNING * * *
The gnoll hits you but does no damage.
As you read the scroll labelled UCLOWK ZUMMIT, it crumbles to dust.
It is a scroll of amnesia.
Really abort (and waste the scroll)?
Okay, then.
The gnoll hits you but does no damage.
The gnoll shaman hits you but does no damage.
The gnoll hits you but does no damage. x2
As you read the scroll labelled KOSOSA JUTEO, it crumbles to dust.
You hear a loud clanging noise!
It was a scroll of noise.
You hear a loud, deep croak!
The gnoll hits you but does no damage.
The gnoll shaman hits you but does no damage.
The gnoll barely misses you.
The gnoll hits you from afar with a +0 spear.
* * * LOW HITPOINT WARNING * * *
Unknown command.
You hit the gnoll shaman.
Your weapon exudes an aura of protection.
The gnoll shaman is severely wounded.
The gnoll hits you but does no damage.
The gnoll shaman hits you but does no damage.
The gnoll hits you but does no damage.
The gnoll hits you from afar with a +0 spear.
* * * LOW HITPOINT WARNING * * *
As you read the scroll labelled CIRENI UQIE, it crumbles to dust.
It is a scroll of brand weapon.
Your +0 long sword is engulfed in flames!
a - a +0 long sword of flaming The gnoll hits you but does no damage.
The gnoll shaman hits you but does no damage.
The gnoll hits you from afar with a +0 spear.
* * * LOW HITPOINT WARNING * * *
The gnoll hits you from afar with a +0 spear.
You die...

#.#####.##.#............)........
...............#.#.......##......
#######........................##
#..#.###.#.........#####.# #..#.#
#)###.......#...#.##
*#####..#.###.###..#....#...#...
#..................#....#...####
#.####..##.##.###g..............
*,* #.........♣gg......#...####
*,* #..#.###.###g....#.##### *,*
#..#.,.....#.....#.# *,*
#..#####.#.#.#...#.# *,***#..#
#.#,#.#...#.# *,,,,...*
#.#,..#...#g# ******,,*
*,*####...#.#*** *,,*****,***
*..<#..,,* *,,,,,,,,,,*
*,,,###*,*


You could see a gnoll shaman (weak-willed) and 3 gnolls.

Vanquished Creatures
  A necrophage (D:4)
  A phantom (D:4)
  A scorpion (D:4)
  A water moccasin skeleton (D:4)
  A crimson imp (D:4)
  A gnoll shaman (D:4)
  An iguana (D:3)
  An orc wizard (D:4)
  2 hound skeletons (D:4)
  Robin (D:3)
  An adder (D:3)
  A white imp (D:4)
  An adder skeleton (D:4)
  A worm (D:3)
  A dart slug (D:2)
  6 orcs
  6 bats
  4 endoplasms
  3 giant cockroaches
  15 goblins
  8 hobgoblins
  7 jackals
  3 quokkas
  6 ball pythons
  4 frilled lizards (D:1)
  6 kobolds
  5 rats
  3 toadstools (D:1)
92 creatures vanquished.

Vanquished Creatures (others)
  A toadstool (D:1)
1 creature vanquished.

Grand Total: 93 creatures vanquished

Notes
Turn   | Place    | Note
-------+----------+-------------------------------------------
     0 | D:1      | Icepheonix32 the Demonspawn Fighter began the quest for the
                  | Orb.
     0 | D:1      | Reached XP level 1. HP: 18/18 MP: 1/1
   261 | D:1      | Gained mutation: You regenerate a little health from kills.
                  | [demonic ancestry]
   261 | D:1      | Reached XP level 2. HP: 21/24 MP: 2/2
   760 | D:2      | Found Olaishru's Armour Emporium.
   854 | D:2      | Gained mutation: You regenerate health from kills. [demonic
                  | ancestry]
   854 | D:2      | Reached XP level 3. HP: 16/29 MP: 3/3
  1399 | D:3      | Noticed Robin
  1418 | D:3      | Reached XP level 4. HP: 19/35 MP: 4/4
  1442 | D:3      | Killed Robin
  1920 | D:3      | Learned a level 3 spell: Frozen Ramparts
  2650 | D:4      | Reached skill level 1 in Short Blades
  2650 | D:4      | Reached XP level 5. HP: 41/41 MP: 5/5
  2686 | D:4      | Reached skill level 1 in Dodging
  2686 | D:4      | Reached skill level 1 in Ice Magic
  2790 | D:4      | Reached XP level 6. HP: 26/48 MP: 6/6
  4051 | D:4      | Reached XP level 7. HP: 40/54 MP: 7/7
  4066 | D:4      | HP: 2/81 [gnoll/+0 spear (4)]
  4067 | D:4      | Slain by a gnoll

Illustrated notes

Levels and vault maps discovered:
D:1:      ldierk_water_garden, layout_rooms
D:2:      layout_basic, serial_shops, shop
D:3:      layout_loops_ring, uniq_robin
D:4:      layout_basic, st_stairs_9, minmay_fire_ice_demons

Skill      XL: |  1  2  3  4  5  6 |
---------------+-------------------+-----
Long Blades    | 2 3 |  3.1
Armour         | 3 4 |  4.3
Shields        | 3 |  3.0
Short Blades   | 1 |  1.2
Dodging        | 1 2 |  2.1
Ice Magic      | 1 2 |  2.3
Fighting       | 4 |  4.2
Stealth        | |  0.4

Action                   |  1- 3 |  4- 6 |  7- 9 || total
-------------------------+-------+-------+-------++-------
Melee: Long sword        |   180 |    17 |       ||   197
       Dagger            |       |   388 |    11 ||   399
  Use: Potion            |       |     5 |       ||     5
       Scroll            |       |       |     6 ||     6
Armor: Scale mail        |   128 |   196 |       ||   324
       Skin              |       |     7 |    51 ||    58
Dodge: Dodged            |   103 |   178 |     2 ||   283
Block: Buckler           |    43 |     8 |       ||    51
